 Dungeon Crawl Stone Soup version 0.30.0-19-g36f170ea60 (webtiles) character file.

Game seed: 14239567853283464022

2193 Heoruswealwe the Thaumaturge (level 9, -3/45 HPs)
             Began as a Deep Elf Conjurer on May 30, 2023.
             Was a Believer of Vehumet.
             Killed from afar by Maggie (26 damage)
             ... with a bolt of fire
             ... on level 7 of the Dungeon.
             The game lasted 01:17:08 (5757 turns).

Heoruswealwe the Thaumaturge (Deep Elf Conjurer)    Turns: 5757, Time: 01:17:09

Health: -3/45      AC:  7    Str: 10    XL:     9   Next: 12%
Magic:  5/26       EV: 12    Int: 28    God:    Vehumet [**....]
Gold:   266        SH:  0    Dex: 13    Spells: 11/31 levels left

rFire   . . .        b - +1 mace (heavy)
rCold   . . .        (no shield)
rNeg    . . .        c - +0 robe
rPois   .            g - +0 helmet
rElec   .            (no cloak)
rCorr   .            f - +0 pair of gloves
SInv    .            e - +2 pair of boots
Will    +....        (no amulet)
Stlth   ++           k - ring of willpower
HPRegen 0.27/turn    j - +6 ring of strength
MPRegen 0.20/turn

%: no passive effects
@: no status effects
A: no striking features
a: Renounce Religion


You were on level 7 of the Dungeon.
You worshipped Vehumet.
Vehumet was pleased with you.
You visited 2 branches of the dungeon, and saw 8 of its levels.
You also visited: Sewer.

You collected 365 gold pieces.
You spent 99 gold pieces at shops.

Inventory:

Hand Weapons
 b - a +1 heavy mace (weapon)
 y - a +0 war axe
Armour
 c - a +0 robe (worn)
 e - a +2 pair of boots (worn)
 f - a +0 pair of gloves (worn)
 g - a +0 helmet (worn)
 u - a +0 troll leather armour {Pargi}
Jewellery
 j - a +6 ring of strength (right hand)
 k - a ring of willpower (left hand)
Wands
 n - a wand of charming (24)
 z - a wand of mindburst (8)
 D - a wand of flame (15)
Scrolls
 m - a scroll of enchant weapon
 r - a scroll of teleportation
 w - 2 scrolls of fog {unknown}
 A - 2 scrolls of magic mapping {unknown}
 B - a scroll of fear {unknown}
 C - 2 scrolls of blinking {unknown}
Potions
 a - a potion of lignification
 d - 2 potions of mutation
 h - a potion of resistance
 i - 4 potions of curing
 l - 3 potions of brilliance
 o - a potion of might {unknown}
 p - 2 potions of magic
 q - a potion of flight {unknown}
 t - 2 potions of heal wounds
 v - a potion of cancellation {unknown}
 x - 2 potions of invisibility {unknown}


   Skills:
 - Level 2.4 Dodging
 - Level 2.4 Stealth
 + Level 11.5 Spellcasting
 + Level 10.4 Conjurations


You had 11 spell levels left.
You knew the following spells:

 Your Spells              Type           Power      Damage    Failure   Level
a - Magic Dart            Conj           100%       1d8       1%          1
b - Shock                 Conj/Air       100%       1d9       1%          1
c - Searing Ray           Conj           100%       2d8       1%          2
d - Dazzling Flash        Conj/Hex       90%        N/A       1%          3
e - Iskenderun's Mystic   Conj/Tloc      45%        2d10      4%          4
f - Fulminant Prism       Conj/Hex       22%        3d12      4%          4
g - Arcjolt               Conj/Air       22%        1d32      12%         5

Your spell library contained the following spells:

 Spells                   Type           Power      Damage    Failure   Level
 Foxfire                  Conj/Fire      100%       2x1d9     1%          1
 Apportation              Tloc           32%        N/A       3%          1
 Portal Projectile        Hex/Tloc       32%        N/A       11%         3
 Tukima's Dance           Hex            16%        N/A       11%         3
 Vhi's Electric Charge    Tloc/Air       32%        N/A       11%         3
 Summon Ice Beast         Ice/Summ       16%        N/A       34%         4
 Alistair's Intoxication  Tmut/Pois      10%        N/A       67%         5
 Blade Hands              Tmut           8%         N/A       67%         5
 Summon Mana Viper        Hex/Summ       16%        N/A       67%         5
 Plasma Beam              Fire/Air       8%         2x1d20    99%         6
 Monstrous Menagerie      Summ           8%         N/A       100%        7


Dungeon Overview and Level Annotations

Branches:
Dungeon (7/15)             Temple (1/1) D:4           Sewer (visited)

Altars:
Ashenzari
Cheibriados
Dithmenos
Fedhas
Gozag
Kikubaaqudgha
Makhleb
Nemelex Xobeh
Okawaru
Qazlal
Ru
Sif Muna
Trog
Uskayaw
Vehumet
Wu Jian
Xom
Yredelemnul
Zin

Shops:
D:2 [

Annotations:
D:6 2 transporters, MacCMillion's ghost, novice TeAE
D:7 Maggie


Message History

Maggie is heavily wounded.
Maggie drinks a potion.
Maggie is healed!
The searing ray hits Maggie.
Maggie is heavily wounded.
You finish channelling your searing ray.
Casting: Searing Ray (safe; 1% risk of failure)
Confirm with . or Enter, or press ? or * to list all spells.
Aiming: Searing Ray (safe; 1% risk of failure)
Press: ? - help, Shift-Dir - straight line, f/p - Maggie
Aim: Maggie, wielding a +0 long sword and wearing +0 steam dragon scales (heavily wounded, 83% to hit)
The searing ray hits Maggie.
Maggie is heavily wounded. (Press . to maintain the ray.) Maggie hits you with a +0 long sword.
The searing ray hits Maggie but does no damage.
Maggie is heavily wounded.
Maggie hits you with a +0 long sword.
The searing ray misses Maggie.
Maggie hits you with a +0 long sword.
The searing ray misses Maggie.
You finish channelling your searing ray.
Maggie mumbles some strange words.
Maggie attempts to bespell you! You resist with almost no effort.
Casting: Searing Ray (safe; 1% risk of failure)
Confirm with . or Enter, or press ? or * to list all spells.
Aiming: Searing Ray (safe; 1% risk of failure)
Press: ? - help, Shift-Dir - straight line, f/p - Maggie
Aim: Maggie, wielding a +0 long sword and wearing +0 steam dragon scales (heavily wounded, 83% to hit)
The searing ray misses Maggie. (Press . to maintain the ray.) Maggie hits you with a +0 long sword.
The searing ray hits Maggie.
Maggie is severely wounded.
Maggie points at you and mumbles some strange words.
The bolt of fire misses you.
The searing ray hits Maggie but does no damage.
Maggie is severely wounded.
Maggie gestures at you while chanting. The bolt of fire hits you!!
Ouch! That really hurt!
You die...

#...... .. .....# ...
######....# .... ...
#...##....##.... ...
#............... ....
#.......?.......
.....#...............
....#.....@@..#
....'.........#
...#..........#
#..###....##
##'##########
#...........#
#...........#
#...........#
########'##########


You could see Maggie.

Vanquished Creatures
  2 wyverns
  A water moccasin (D:6)
  Pargi (Sewer)
  An ice beast (D:6)
  2 ogres
  A phantom (D:6)
  A centaur (D:7)
  A scorpion (D:6)
  2 bullfrogs
  3 killer bees (D:7)
  4 howler monkeys
  2 orc priests
  6 hounds
  A jelly (D:5)
  2 sleepcaps
  Ijyb (D:5)
  2 iguanas
  7 orc wizards
  Robin (D:3)
  7 adders
  2 shadow imps (D:7)
  A white imp (D:5)
  An ufetubus (D:5)
  A worm (D:4)
  A dart slug (D:4)
  23 orcs
  5 ball pythons
  8 endoplasms
  8 giant cockroaches
  19 goblins
  4 hobgoblins
  6 jackals
  4 quokkas
  8 bats
  11 frilled lizards
  10 kobolds
  4 rats
164 creatures vanquished.

Notes
Turn   | Place    | Note
-------+----------+-------------------------------------------
     0 | D:1      | Heoruswealwe the Deep Elf Conjurer began the quest for the
                  | Orb.
     0 | D:1      | Reached XP level 1. HP: 10/10 MP: 6/6
   163 | D:1      | Reached XP level 2. HP: 15/15 MP: 2/8
   166 | D:1      | Learned a level 2 spell: Searing Ray
   362 | D:1      | Found a faded altar of an unknown god.
  1001 | D:2      | Reached skill level 4 in Spellcasting
  1001 | D:2      | Reached skill level 5 in Conjurations
  1001 | D:2      | Reached XP level 3. HP: 15/19 MP: 3/10
  1005 | D:2      | Learned a level 3 spell: Dazzling Flash
  1409 | D:2      | Found Keocs's Antique Armour Shoppe.
  1823 | D:3      | Reached XP level 4. HP: 24/24 MP: 8/12
  1828 | D:3      | Learned a level 4 spell: Fulminant Prism
  1960 | D:3      | Noticed Robin
  1975 | D:3      | Reached skill level 5 in Spellcasting
  2137 | D:3      | Killed Robin
  2367 | D:3      | Reached XP level 5. HP: 28/28 MP: 3/14
  2372 | D:3      | Learned a level 4 spell: Iskenderun's Mystic Blast
  2454 | D:3      | Reached skill level 6 in Spellcasting
  2645 | D:2      | Bought a pair of gloves for 99 gold pieces
  2788 | D:4      | Reached XP level 6. HP: 32/32 MP: 4/17
  2931 | D:4      | Found a staircase to the Ecumenical Temple.
  2947 | Temple   | Entered the Ecumenical Temple
  3223 | Temple   | Became a worshipper of Vehumet
  3607 | D:4      | Found a burning altar of Makhleb.
  3614 | D:4      | Reached skill level 7 in Spellcasting
  3825 | D:5      | Entered Level 5 of the Dungeon
  3944 | D:5      | Reached XP level 7. HP: 36/36 MP: 14/20
  3960 | D:5      | Found a stormy altar of Qazlal.
  4033 | D:5      | Found a glowing drain.
  4039 | D:5      | Reached * piety under Vehumet
  4039 | D:5      | Offered knowledge of Shock by Vehumet.
  4043 | D:5      | Learned a level 1 spell: Shock
  4069 | Sewer    | Entered a sewer
  4083 | Sewer    | Noticed Pargi
  4090 | Sewer    | Killed Pargi
  4163 | Sewer    | Reached skill level 8 in Spellcasting
  4517 | D:5      | Noticed Ijyb
  4527 | D:5      | Killed Ijyb
  4578 | D:5      | Learned a level 5 spell: Arcjolt
  4684 | D:5      | Found an opulent altar of Gozag.
  4786 | D:6      | Reached skill level 9 in Spellcasting
  4820 | D:6      | Reached XP level 8. HP: 41/41 MP: 19/23
  4912 | D:6      | Reached ** piety under Vehumet
  4918 | D:6      | Noticed MacCMillion's ghost (novice TeAE)
  4922 | D:6      | Offered knowledge of Foxfire by Vehumet.
  4941 | D:6      | Found a transporter.
  4955 | D:6      | Found a transporter.
  5014 | D:6      | Reached skill level 10 in Spellcasting
  5521 | D:7      | Reached skill level 11 in Spellcasting
  5525 | D:7      | Reached skill level 10 in Conjurations
  5536 | D:7      | Reached XP level 9. HP: 45/45 MP: 10/26
  5742 | D:7      | Noticed Maggie
  5757 | D:7      | Killed from afar by Maggie

Illustrated notes

Levels and vault maps discovered:
D:1:      psy_arrival_conway, layout_loops_ring,
          hellmonk_ecumenical_altar_pennies_from_heaven,
          amcnicky_mini_rare_corridor_liquid, minmay_pentomino_t4
D:2:      layout_loops_corners, serial_shops, nicolae_shop_tiny_real_fake_doors
D:3:      kennysheep_goblin_castle, layout_basic, wad_floor_pattern_1
D:4:      layout_loops_ring, makhleb_heckhound_becter, minmay_temple_entry_hall
D:5:      layout_basic, mainiacjoe_overflow_six_doors_small,
          grunt_gozag_statues, gup_sewer_entry_pipe, uniq_ijyb
D:6:      layout_loops_ring, gammafunk_ghost_arena
D:7:      layout_gridville, uniq_maggie
Temple:   eino_temple_scatter_basement

Skill      XL: |  1  2  3  4  5  6  7  8 |
---------------+-------------------------+-----
Spellcasting   | 4 5 6 7 9 11 | 11.5
Conjurations   | 5 6 7 8 10 | 10.4
Dodging        | |  2.4
Stealth        | |  2.4

Action                     |  1- 3 |  4- 6 |  7- 9 || total
---------------------------+-------+-------+-------++-------
  Melee: Unarmed           |    52 |       |       ||    52
         Mace              |       |    28 |     2 ||    30
   Cast: Magic Dart        |    79 |   125 |    28 ||   232
         Searing Ray       |       |     4 |    28 ||    32
         Shock             |       |       |    87 ||    87
    Use: Potion            |     3 |     7 |     1 ||    11
         Scroll            |     2 |     6 |     1 ||     9
 Armour: Robe              |     1 |    10 |    20 ||    31
         Animal skin       |       |    41 |       ||    41
  Dodge: Dodged            |     6 |    62 |    43 ||   111
